Map: 2000 Atmospheres LE

Players

Namshar

  • Race: Zerg Zerg
  • League: Master

Vindicta - Winner!

  • Race: Terran Terran
  • League: Grandmaster

Event: DreamHack SC2 Masters 2021 Summer

VOD

Have the link to the VOD?

Description

Time

  • Played on: May 27, 2021, 5:14 p.m.
  • Length: 17:06

All games in this series

Show
View Real Time Build Order
Export as new Build Order

Namshar Zerg 

Build Orders: Hatch First 

Get SALT Encoding   

  12  0:00  Drone  
  13  0:12  Overlord  
  13  0:16  Drone  
  14  0:30  Drone x2  
  16  0:47  Hatchery  
  15  0:51  Drone  
  15  0:53  Drone  
  17  0:57  Drone  
  18  1:07  Extractor  
  17  1:12  Spawning Pool  
  17  1:15  Drone  
  17  1:18  Drone  
  18  1:27  Drone  
  19  1:38  Drone  
  20  1:49  Drone  
  21  1:59  Queen x2  
  21  2:00  Zergling x4  
  27  2:14  Hatchery  
  26  2:17  Overlord  
  26  2:20  Drone  
  26  2:22  Drone  
  28  2:36  Drone  
  29  2:38  Drone, Metabolic Boost  
  30  2:46  Drone  
  30  2:47  Queen  
  30  2:48  Overlord  
  33  2:52  Drone  
  33  2:53  Drone  
  35  2:59  Drone  
  36  3:12  Drone x5  
  41  3:13  Queen  
  41  3:18  Drone  
  41  3:19  Overlord  
  44  3:25  Queen  
  46  3:30  Drone  
  47  3:34  Queen  
  47  3:40  Overlord  
  49  3:42  Drone x3  
  49  3:48  Overlord  
  52  3:49  Drone x3  
  52  3:52  Drone x2  
  57  3:57  Zergling x2  
  57  3:59  Overlord  
  58  4:04  Drone  
  58  4:05  Drone x2  
  58  4:09  Zergling x6  
  64  4:17  Zergling x2  
  65  4:25  Extractor  
  65  4:26  Extractor, Queen  
  65  4:29  Overlord  
  65  4:31  Drone x7  
  72  4:39  Overlord  
  72  4:40  Lair, Overlord  
  72  4:42  Overlord  
  72  4:43  Drone x2  
  74  4:48  Overlord  
  74  4:49  Drone  
  74  4:51  Spore Crawler  
  74  4:52  Spore Crawler x2  
  73  4:54  Extractor  
  73  4:56  Drone x3  
  73  4:57  Drone x2  
  76  5:03  Drone x4  
  80  5:11  Zergling x4  
  82  5:15  Roach Warren, Evolution Chamber  
  82  5:18  Drone  
  82  5:19  Drone x3, Evolution Chamber  
  82  5:20  Queen  
  83  5:23  Drone x3  
  85  5:32  Queen  
  85  5:35  Drone x6  
  93  5:39  Extractor  
  93  5:40  Extractor  
  89  5:55  Zergling x6  
  85  5:57  Zergling x6  
  85  5:58  Drone x5  
  85  6:03  Zerg Missile Weapons Level 1, Zerg Ground Armor Level 1, Glial Reconstitution  
  90  6:07  Hatchery  
  90  6:09  Queen  
  91  6:19  Queen  
  91  6:25  Overlord x3  
  90  6:35  Overlord x4  
  90  6:38  Roach x9  
  108  6:57  Roach x6  
  114  7:08  Roach x4  
  114  7:09  Roach x7  
  133  7:17  Drone  
  133  7:20  Overlord  
  133  7:21  Roach  
  133  7:22  Roach  
  138  7:26  Overseer  
  138  7:27  Roach  
  140  7:36  Roach x8  
  156  7:42  Roach x2  
  160  7:45  Roach  
  160  7:50  Ravager x9  
  171  7:51  Roach  
  171  7:52  Roach x5  
  183  7:58  Extractor  
  180  8:05  Overlord x2  
  180  8:06  Overlord x2  
  180  8:12  Overseer  
  180  8:14  Overseer  
  180  8:17  Overlord  
  174  8:30  Roach x9  
  179  8:41  Roach x14  
  170  8:48  Roach  
  156  8:50  Queen  
  156  8:52  Roach x5  
  168  8:57  Roach  
  168  8:58  Ravager x2  
  168  8:59  Ravager x2  
  174  9:03  Roach x4  
  182  9:15  Ravager x2  
  182  9:16  Roach x4  
  192  9:20  Drone  
  192  9:22  Roach x3  
  181  9:42  Evolution Chamber  
  170  9:50  Roach x15  
  178  9:57  Roach x9  
  180  10:10  Roach x5  
  170  10:14  Zerg Missile Weapons Level 2, Roach x2  
  170  10:19  Extractor  
  173  10:30  Ravager  
  173  10:31  Ravager x3  
  173  10:32  Ravager  
  173  10:33  Drone x7  
  173  10:35  Drone x2  
  187  10:39  Ravager  
  187  10:40  Hatchery  
  161  10:58  Roach  
  161  10:59  Roach x10  
  157  11:15  Roach  
  157  11:16  Roach x4  
  157  11:23  Roach x10  
  123  11:43  Roach x7  
  134  11:49  Pneumatized Carapace  
  134  11:55  Hatchery  
  134  12:00  Ravager x5  
  138  12:09  Roach x5  
  148  12:16  Drone x5  
  148  12:22  Drone x2  
  153  12:24  Zerg Ground Armor Level 2  
  153  12:30  Infestation Pit  
  153  12:35  Roach x3  
  158  12:47  Queen, Hydralisk Den  
  159  12:55  Roach x6  
  171  13:09  Hive  
  171  13:12  Tunneling Claws  
  171  13:13  Burrow  
  171  13:16  Grooved Spines  
  165  13:50  Drone x3  
  165  13:53  Queen  
  167  14:02  Ravager x4  
  172  14:03  Ravager, Roach x12  
  172  14:04  Roach x2  
  172  14:07  Lurker Den  
  197  14:13  Queen  
  199  14:27  Hatchery  
  199  14:28  Muscular Augments  
  199  14:29  Queen  
  200  14:38  Hatchery  
  136  15:00  Roach x12  
  149  15:13  Seismic Spines  
  130  15:17  Hydralisk x4, Roach x10  
  130  15:18  Roach x4  
  135  15:22  Roach x3  
  135  15:25  Roach x4  
  135  15:27  Ravager x2  
  135  15:28  Ravager x2  
  152  15:34  Roach x4  
  142  15:46  Roach  
  142  15:47  Roach x4  
  146  15:51  Roach  
  146  15:52  Roach  
  146  15:56  Roach  
  136  15:57  Ravager  
  114  16:11  Hydralisk  
  114  16:12  Hydralisk x2, Roach  
  108  16:25  Extractor  
  107  16:26  Extractor  
  107  16:27  Hydralisk x7  
  120  16:39  Drone x2  
  124  16:47  Hatchery, Roach x4  
Show
View Real Time Build Order
Export as new Build Order

Vindicta Terran - Winner!

Build Orders: Reaper Expand 

Get SALT Encoding   

  12  0:00  SCV  
  13  0:12  SCV  
  14  0:17  Supply Depot  
  14  0:24  SCV  
  15  0:38  SCV  
  15  0:39  Barracks  
  16  0:44  Refinery  
  16  0:50  SCV  
  17  1:02  SCV  
  18  1:15  SCV  
  19  1:26  Reaper  
  19  1:27  Orbital Command  
  20  1:40  Command Center  
  20  1:52  Supply Depot  
  21  1:54  SCV  
  21  1:58  Marine  
  22  2:06  SCV  
  23  2:15  Factory  
  23  2:18  SCV  
  23  2:20  Barracks Reactor  
  24  2:30  SCV  
  25  2:42  SCV  
  26  2:46  Command Center  
  26  2:54  Orbital Command, SCV  
  27  3:01  Starport  
  27  3:06  SCV  
  27  3:12  Hellion  
  30  3:13  Hellion  
  30  3:15  Marine  
  30  3:19  SCV  
  34  3:21  Refinery  
  34  3:22  SCV  
  35  3:31  SCV  
  35  3:34  Barracks Tech Lab, Hellion, SCV  
  38  3:36  Hellion  
  41  3:43  SCV  
  41  3:47  SCV  
  43  3:55  SCV  
  44  3:56  Hellion  
  44  3:59  SCV  
  44  4:00  Hellion  
  49  4:02  Orbital Command  
  49  4:03  Raven  
  49  4:07  SCV  
  49  4:09  Barracks Tech Lab  
  52  4:11  SCV  
  53  4:18  Supply Depot  
  53  4:19  SCV  
  53  4:20  Hellion  
  53  4:23  SCV, Hellion  
  59  4:31  SCV  
  59  4:35  SCV, Supply Depot  
  61  4:38  Stimpack  
  61  4:40  SCV  
  61  4:41  Hellion  
  61  4:43  SCV, Supply Depot  
  61  4:44  Hellion  
  67  4:47  SCV  
  69  4:52  SCV  
  69  4:55  SCV  
  69  4:58  Barracks, Starport Reactor  
  69  4:59  SCV, Supply Depot  
  69  5:02  Barracks  
  69  5:04  Refinery, SCV  
  69  5:05  Refinery  
  69  5:06  Supply Depot  
  70  5:07  SCV  
  70  5:11  SCV  
  72  5:17  Factory Reactor  
  72  5:20  SCV x2  
  74  5:23  Engineering Bay x2  
  72  5:30  SCV, Marine  
  72  5:32  SCV, Orbital Command  
  76  5:40  Barracks x2  
  76  5:42  SCV, Supply Depot  
  76  5:43  Supply Depot  
  76  5:44  SCV  
  76  5:48  Marine x2  
  78  5:54  SCV  
  78  5:55  Widow Mine x2  
  78  5:56  SCV, Medivac x2  
  84  6:00  Terran Infantry Armor Level 1, Terran Infantry Weapons Level 1  
  84  6:02  SCV  
  84  6:03  Marine  
  84  6:05  Marine  
  84  6:06  SCV, Marine  
  84  6:08  SCV  
  88  6:14  SCV  
  88  6:18  Combat Shield  
  89  6:20  Factory  
  89  6:21  Marine  
  89  6:23  Marine  
  89  6:24  Marine  
  92  6:27  Marine  
  92  6:28  Barracks Reactor x2  
  92  6:29  SCV x3  
  92  6:31  Marine, Supply Depot  
  92  6:32  Refinery, Factory Reactor  
  97  6:39  Marine  
  98  6:40  Medivac  
  98  6:41  SCV x2, Marine  
  98  6:42  Marine  
  98  6:43  SCV  
  98  6:45  Marine  
  98  6:46  Armory  
  106  6:49  Marine  
  106  6:53  SCV, Medivac  
  106  6:54  Supply Depot  
  110  6:56  Marine  
  110  6:59  Marine x2  
  113  7:02  Marine  
  113  7:05  Marine  
  113  7:06  Marine  
  113  7:07  Marine  
  118  7:08  Siege Tank  
  118  7:11  Marine  
  118  7:13  SCV x2  
  118  7:14  Marine  
  118  7:15  Refinery, Factory Tech Lab  
  114  7:16  Marine x2  
  114  7:21  Marine  
  114  7:22  Marine, Command Center  
  118  7:23  SCV, Missile Turret  
  118  7:26  Medivac  
  124  7:32  Supply Depot  
  125  7:37  Siege Tank  
  125  7:38  Bunker  
  125  7:39  Bunker, Marine  
  125  7:40  Siege Tank  
  125  7:41  Marine  
  128  7:44  Marine x2  
  128  7:45  Marine x3  
  133  7:54  Marine x2  
  133  7:57  Marine  
  136  7:59  Marine  
  136  8:02  Bunker, Marine x3  
  136  8:03  Marine x2  
  142  8:09  Siege Tank  
  142  8:11  Marine x2  
  147  8:15  Marine  
  147  8:16  Terran Infantry Weapons Level 2  
  147  8:17  Terran Infantry Armor Level 2  
  147  8:18  Siege Tank  
  151  8:20  Orbital Command  
  151  8:26  Orbital Command, Marine  
  139  8:30  Marine  
  139  8:33  Marine x2  
  134  8:36  Marine  
  134  8:41  Siege Tank  
  131  8:42  Marine  
  127  8:49  Marine x3  
  127  8:50  Siege Tank  
  127  8:53  Terran Vehicle Weapons Level 1  
  132  8:56  SCV x2, Marauder, Marine  
  132  8:58  Marine  
  132  9:00  Marine  
  132  9:01  Marine  
  132  9:02  Marine  
  141  9:07  Marine  
  143  9:10  Refinery, SCV  
  143  9:11  Marine  
  143  9:12  Marine  
  143  9:13  Siege Tank  
  148  9:19  Supply Depot  
  148  9:20  Supply Depot  
  148  9:22  Marine, Missile Turret  
  148  9:23  SCV  
  150  9:25  Marine  
  150  9:26  Siege Tank  
  150  9:29  Marine  
  153  9:31  Planetary Fortress  
  153  9:37  Marine  
  144  9:39  Orbital Command, Marine x2  
  144  9:42  Marine  
  144  9:44  Marine  
  144  9:45  Siege Tank  
  130  9:46  Marine  
  130  9:50  Marine x2  
  130  9:52  Marine  
  117  9:55  Marine  
  110  10:00  Marine  
  110  10:05  Marine x3  
  110  10:06  Marine  
  106  10:08  SCV  
  106  10:12  SCV  
  105  10:15  Marine  
  105  10:16  Marine  
  105  10:17  Medivac  
  105  10:19  SCV x2  
  111  10:23  SCV, Marine  
  111  10:25  Marine  
  111  10:28  Siege Tank  
  115  10:32  SCV, Siege Tank  
  115  10:33  SCV  
  120  10:35  SCV  
  120  10:37  Marauder  
  123  10:44  Marine  
  123  10:47  Marine  
  123  10:49  Marine  
  124  10:50  Marine  
  124  10:52  Marine  
  124  10:54  Marine x2  
  119  10:57  Marine  
  119  10:59  Marauder  
  119  11:00  Siege Tank  
  119  11:01  Marine  
  123  11:05  Marine  
  123  11:07  Marine  
  123  11:08  Marine  
  123  11:09  SCV x2  
  123  11:10  Marine  
  122  11:11  Marine  
  122  11:12  Marine  
  122  11:15  Marine  
  122  11:16  Siege Tank  
  119  11:19  Marine  
  119  11:20  Marine  
  119  11:21  Orbital Command  
  119  11:24  SCV x2  
  119  11:25  Marine  
  117  11:26  Marine  
  117  11:28  Marine  
  117  11:31  SCV  
  117  11:32  Marine  
  119  11:34  Marine  
  119  11:36  SCV x2  
  119  11:39  Marine  
  113  11:44  SCV  
  113  11:46  Terran Infantry Weapons Level 3  
  109  11:50  Terran Infantry Armor Level 3  
  109  11:52  Marine  
  109  11:53  Marine x2  
  109  11:54  Marine  
  112  11:56  Marine  
  112  11:59  Marine  
  112  12:00  SCV x2, Marine  
  119  12:05  SCV x2  
  119  12:09  Marine  
  119  12:10  Marine  
  119  12:11  Marine x2  
  119  12:12  SCV  
  119  12:13  Siege Tank  
  129  12:17  Marine x2  
  129  12:18  Marine  
  129  12:21  Liberator x2  
  129  12:22  SCV x3  
  133  12:24  SCV, Marine  
  133  12:26  Marine  
  138  12:32  Marine x2  
  138  12:34  Supply Depot  
  138  12:35  Siege Tank, Supply Depot  
  138  12:36  Marine, Supply Depot x2  
  144  12:37  Marauder  
  144  12:39  Marine  
  144  12:40  Marine  
  144  12:41  Marine x2  
  148  12:47  Marine  
  148  12:55  SCV, Marine x3  
  148  12:56  Siege Tank  
  148  12:57  Marine  
  148  12:58  Marine x3, Supply Depot  
  155  12:59  Marine  
  155  13:05  Marine  
  156  13:08  Siege Tank  
  156  13:13  Marine x3  
  156  13:15  Marine  
  156  13:16  Marauder, Marine x2  
  156  13:17  SCV, Marine  
  166  13:22  Medivac x2  
  166  13:23  SCV, Marine  
  166  13:25  SCV  
  172  13:28  Siege Tank  
  172  13:31  Marine x3  
  172  13:33  Marine  
  172  13:34  Marine  
  177  13:35  Marine, Supply Depot  
  177  13:36  Marine  
  177  13:38  Marauder  
  177  13:40  Marine, Siege Tank  
  183  13:43  SCV  
  181  13:49  Marine x3  
  181  13:50  SCV  
  181  13:51  Command Center  
  185  13:56  Marine x2  
  185  13:58  Terran Vehicle Weapons Level 2  
  185  13:59  Refinery  
  185  14:00  SCV x2  
  185  14:02  Siege Tank  
  192  14:03  Marine  
  192  14:04  Marine  
  192  14:07  Marine  
  196  14:12  Marine  
  196  14:13  Sensor Tower  
  196  14:16  Sensor Tower  
  196  14:17  Supply Depot  
  196  14:20  Supply Depot  
  196  14:22  Marine  
  196  14:24  Refinery x2  
  196  14:37  Missile Turret  
  187  14:47  Command Center  
  178  14:54  Marauder, Marine x2  
  178  14:55  Marine x2  
  178  14:56  Marine x2  
  178  14:58  Marine  
  172  15:01  Siege Tank  
  172  15:02  Marine  
  172  15:06  SCV  
  172  15:10  Siege Tank  
  172  15:12  Marine  
  169  15:14  Marine  
  169  15:16  Marauder  
  172  15:25  Marine x2  
  174  15:28  Marine  
  174  15:29  Marine  
  174  15:31  Marine  
  174  15:32  Marine  
  173  15:35  Marine  
  173  15:36  Marine  
  173  15:37  Marauder  
  173  15:42  Marine x2, Siege Tank  
  173  15:46  Marine x2  
  173  15:49  Marine x2  
  176  15:53  Marine  
  176  15:54  Marine  
  169  15:58  Marauder  
  169  15:59  Medivac  
  169  16:00  Marine x2  
  157  16:04  Marine x2  
  157  16:07  Marine x2  
  157  16:11  Marine  
  150  16:12  Marine  
  150  16:18  Marine x2, Liberator  
  143  16:19  Marine  
  143  16:22  Marine x2  
  143  16:24  Marine  
  143  16:25  Marine  
  146  16:29  SCV x3, Marine  
  146  16:30  Marine  
  146  16:32  Siege Tank  
  155  16:36  Marine x2  
  155  16:38  Marauder, Missile Turret  
  158  16:40  Marine x2  
  158  16:42  Marine  
  158  16:43  Marine  
  158  16:47  Marine  
  157  16:52  SCV  
Tags
 
Add a new tag
Caveats
  • Supply blocks, unpowered buildings, or Contaminate may cause inaccurate times.
  • Supply counts are checked every 10 seconds.